 Dungeon Crawl Stone Soup version 0.29.0-15-g675c0067aa (webtiles) character file.

Game seed: 14641788779341205169

352 qw the Trooper (level 6, -1/44 HPs)
             Began as a Gargoyle Fighter on Sept 11, 2022.
             Slain by a gnoll
             ... wielding a +0 spear
              (8 damage)
             ... on level 2 of the Dungeon.
             The game lasted 00:00:48 (2532 turns).

qw the Trooper (Gargoyle Fighter)                   Turns: 2532, Time: 00:00:49

Health: -1/44      AC: 11    Str: 22    XL:     6   Next: 61%
Magic:  6/6        EV:  9    Int:  8    God:
Gold:   59         SH:  4    Dex:  7    Spells: 5/5 levels left

rFire   . . .      SeeInvis .   Y - +0 war axe
rCold   . . .      Faith    .   c - +0 buckler
rNeg    + . .      Spirit   .   b - +0 scale mail
rPois   inf        Reflect  .   (helmet restricted)
rElec   +          Harm     .   (no cloak)
rCorr   .          Rampage  .   (no gloves)
Will    .....                   (no boots)
Stlth   ..........              (no amulet)
HPRegen 0.14/turn               (no ring)
MPRegen 0.10/turn               (no ring)

@: no status effects
A: sickness immunity, AC +4, negative energy resistance 1, electricity
resistance, torment resistance 1, petrification resistance, antennae 1, clumsy
1, robust 1
a: no special abilities


You were on level 2 of the Dungeon.
You visited 1 branch of the dungeon, and saw 4 of its levels.

You collected 59 gold pieces.


Innate Abilities, Weirdness & Mutations

You are immune to sickness and miasma.
Your stone body is resilient. (AC +4)
You are immune to poison.
You resist negative energy. (rN+)
You are resistant to electric shocks. (rElec)
You are resistant to unholy torment.
You are immune to petrification.
You have a pair of small antennae on your head.
You are clumsy. (Dex -2)
You are robust. (+10% HP)


   Skills:
 - Level 5.3 Fighting
 + Level 5.1 Axes
 - Level 0.2 Throwing
 - Level 3.2 Armour
 - Level 3.2 Shields


You had 5 spell levels left.
You didn't know any spells.
Your spell library was empty.

Inventory:

Hand Weapons
 e - a +0 club
 Y - a +0 war axe (weapon)
Armour
 b - a +0 scale mail (worn)
 c - a +0 buckler (worn)
Scrolls
 a - 3 scrolls of identify
 f - a scroll of poison {unknown}
Potions
 d - a potion of might
 g - 2 potions of mutation
 h - a potion of attraction {unknown}

Dungeon Overview and Level Annotations

Branches:
Dungeon (4/15)
 Temple: D:4-7

Altars:
Makhleb

Annotations:
D:3 Robin


Message History

The gnoll hits you with a +0 flail.
The gnoll hits you from afar with a +0 spear.
You slash the gnoll!
The gnoll is heavily wounded.
The gnoll hits you with a +0 flail. You block the gnoll's attack.
You closely miss the gnoll.
The gnoll is heavily wounded.
The gnoll hits you with a +0 flail! The gnoll hits you but does no damage.
The gnoll closely misses you.
The gnoll hits you from afar with a +0 spear.
You hit the gnoll but do no damage.
The gnoll is heavily wounded.
The gnoll hits you but does no damage. The gnoll barely misses you.
You hit the gnoll.
The gnoll is almost dead.
The gnoll hits you with a +0 flail.
The gnoll hits you from afar with a +0 spear.
You hit the gnoll but do no damage.
The gnoll is almost dead.
The gnoll hits you with a +0 flail.
The gnoll hits you from afar with a +0 spear.
The gnoll hits you but does no damage. The gnoll barely misses you.
You hit the gnoll.
You kill the gnoll!
The gnoll hits you but does no damage.
The orc shouts!
The gnoll completely misses you.
You see here a +0 flail.
You closely miss the gnoll. The gnoll closely misses you.
You hit the gnoll but do no damage. You block the gnoll's attack.
You hit the gnoll but do no damage. You block the gnoll's attack.
The gnoll hits you but does no damage.
You closely miss the gnoll. The gnoll hits you but does no damage.
You slash the gnoll!
The gnoll is severely wounded.
The gnoll hits you with a +0 spear!
You die...

### #.) #
#.# .#
#.# ...
#.# ....
#.#
####.....
#.#
#.goo....
#.# #@#
#.# #.#
#.# #.#
#.# #.#
#######.#
#.#
#.....%.#
#.#
#.#######
#.# ##.#
#.# #..#
#.# #.##


You could see a gnoll and 2 orcs.

Vanquished Creatures
  Sigmund (D:2)
  A black bear (D:4)
  A gnoll (D:2)
  An adder (D:2)
  2 worms (D:2)
  5 orcs
  4 endoplasms
  2 giant cockroaches (D:2)
  12 hobgoblins
  2 quokkas
  6 ball pythons
  A bat (D:1)
  4 frilled lizards
  10 goblins
  5 kobolds
  A kobold zombie (D:4)
  2 rats
60 creatures vanquished.

Vanquished Creatures (others)
  9 withered plants (D:1)
9 creatures vanquished.

Grand Total: 69 creatures vanquished

Notes
Turn   | Place    | Note
-------+----------+-------------------------------------------
     0 | D:1      | qw the Gargoyle Fighter began the quest for the Orb.
     0 | D:1      | Reached XP level 1. HP: 14/14 MP: 1/1
     0 | D:1      | 0 ||| qw: Version: 0.1-a-119-g272c26d
     0 | D:1      | 0 ||| qw: Game counter: 10720
     0 | D:1      | 0 ||| qw: Always use a shield: true
     0 | D:1      | 0 ||| qw: God list: Okawaru
     0 | D:1      | 0 ||| qw: Allow faded altars: false
     0 | D:1      | 0 ||| qw: Do Orc after D:15 true
     0 | D:1      | 0 ||| qw: Do second Lair branch before Depths: true
     0 | D:1      | 0 ||| qw: Lair rune preference: random
     0 | D:1      | 0 ||| qw: Plans: Normal, Zot, God:TSO, Crypt, Tomb, Pan,
                  | Slime, Hells, Zig, Abyss, Orb
     0 | D:1      | 0 ||| PLANNING D:1-11
   135 | D:1      | 135 ||| Stepping ~*~*~tactically~*~*~ (stealth).
   249 | D:1      | Reached XP level 2. HP: 19/19 MP: 2/2
   258 | D:1      | 258 ||| Stepping ~*~*~tactically~*~*~ (stealth).
   320 | D:1      | 320 ||| Stepping ~*~*~tactically~*~*~ (stealth).
   370 | D:1      | 370 ||| Stepping ~*~*~tactically~*~*~ (stealth).
   452 | D:1      | 452 ||| Stepping ~*~*~tactically~*~*~ (stealth).
   774 | D:1      | 774 ||| READING 2 scrolls labelled CESOYV CIUL.
   775 | D:1      | 775 ||| READING scroll labelled CUBEAHISETT.
   876 | D:1      | 876 ||| READING scroll labelled WIKOITTOELA.
   879 | D:1      | 879 ||| DRINKING 3 fizzy purple potions.
   879 | D:1      | Gained mutation: You are robust. (+10% HP) [potion of
                  | mutation]
   879 | D:1      | Gained mutation: You are clumsy. (Dex -2) [potion of
                  | mutation]
   879 | D:1      | Gained mutation: You have a pair of small antennae on your
                  | head. [potion of mutation]
   882 | D:1      | 882 ||| DRINKING 2 glowing yellow potions.
   883 | D:1      | 883 ||| DRINKING 2 orange potions.
   884 | D:1      | 884 ||| DROPPING potion of brilliance.
   954 | D:2      | Identified the +6 short sword of the Forest {elec, Int+3
                  | Dex+5}
   980 | D:2      | Reached skill level 3 in Axes
  1075 | D:2      | Reached XP level 3. HP: 21/25 MP: 3/3
  1101 | D:2      | 1101 ||| Stepping ~*~*~tactically~*~*~ (stealth).
  1102 | D:2      | 1102 ||| Stepping ~*~*~tactically~*~*~ (stealth).
  1107 | D:2      | 1107 ||| Stepping ~*~*~tactically~*~*~ (stealth).
  1397 | D:2      | You fall into a shaft and drop 2 floors!
  1405 | D:4      | Noticed a black bear
  1406 | D:4      | 1406 ||| Stepping ~*~*~tactically~*~*~ (stealth).
  1418 | D:4      | Killed a black bear
  1419 | D:4      | Reached XP level 4. HP: 14/30 MP: 4/4
  1419 | D:4      | Reached XP level 5. HP: 16/35 MP: 5/5
  1524 | D:4      | Identified the +7 arbalest "Sicuer" {elec, rF+ Will++ Dex-3
                  | Stlth+}
  1551 | D:4      | Found a burning altar of Makhleb.
  1563 | D:4      | 1563 ||| Stepping ~*~*~tactically~*~*~ (stealth).
  1565 | D:4      | 1565 ||| Stepping ~*~*~tactically~*~*~ (stealth).
  1679 | D:4      | 1679 ||| Stepping ~*~*~tactically~*~*~ (stealth).
  1692 | D:4      | 1692 ||| FLEEEEING.
  1694 | D:4      | 1694 ||| FLEEEEING.
  1695 | D:4      | 1695 ||| STAIRDANCE
  1696 | D:3      | Noticed Robin
  1706 | D:3      | HP: 6/35 [Robin/+2 spear of venom (7)]
  1707 | D:3      | 1707 ||| READING scroll of teleportation.
  1708 | D:3      | 1708 ||| DRINKING potion of heal wounds.
  1712 | D:3      | 1712 ||| FLEEEEING.
  1713 | D:3      | 1713 ||| FLEEEEING.
  1714 | D:3      | 1714 ||| FLEEEEING.
  1715 | D:3      | 1715 ||| FLEEEEING.
  1716 | D:3      | 1716 ||| FLEEEEING.
  1717 | D:3      | 1717 ||| FLEEEEING.
  1718 | D:3      | 1718 ||| FLEEEEING.
  1719 | D:3      | 1719 ||| STAIRDANCE
  1983 | D:2      | Noticed Sigmund
  1984 | D:2      | 1984 ||| Stepping ~*~*~tactically~*~*~ (hiding).
  1999 | D:2      | Killed Sigmund
  2000 | D:2      | Reached XP level 6. HP: 13/44 MP: 6/6
  2509 | D:2      | 2509 ||| Stepping ~*~*~tactically~*~*~ (stealth).
  2512 | D:2      | 2512 ||| Stepping ~*~*~tactically~*~*~ (hiding).
  2525 | D:2      | HP: 8/44 [gnoll/+0 flail (5)]
  2532 | D:2      | Slain by a gnoll

Levels and vault maps discovered:
D:1:      spicycebolla_arrival_clurvy, layout_loops_ring
D:2:      layout_loops_ring, uniq_sigmund
D:3:      layout_rooms, nicolae_overflow_crystal_walls,
          dreamdust_ecumenical_altar_angels_and_demons, hex_large,
          minmay_misc_feat_alley, chequers_big_river, nrook_loot_triangle,
          uniq_robin
D:4:      layout_loops_ring, lemuel_crystal_altar, minmay_mini_ossuary

Skill      XL: |  1  2  3  4  5 |
---------------+----------------+-----
Axes           | 2 3 4 5 |  5.1
Fighting       | 5 |  5.3
Throwing       | |  0.2
Armour         | |  3.2
Shields        | |  3.2

Action                   |  1- 3 |  4- 6 || total
-------------------------+-------+-------++-------
Melee: War axe           |    78 |    80 ||   158
Throw: Javelin           |    21 |       ||    21
  Use: Scroll            |     3 |     1 ||     4
       Potion            |     3 |     1 ||     4
Armor: Scale mail        |    47 |    33 ||    80
Dodge: Dodged            |    34 |    44 ||    78
Block: Buckler           |    14 |    21 ||    35

Table legend:
 A = Non-vault XP
 B = Vault XP
 C = Vault XP percentage of total XP
 D = Non-vault monster count
 E = Vault monster count
 F = Vault count percentage of total count
                 A         B        C        D         E       F
            +---------+---------+-------+---------+---------+-------
      Total |     240 |     263 |  52.3 |      46 |      14 |  23.3
            +---------+---------+-------+---------+---------+-------
        D:1 |      21 |       0 |   0.0 |      16 |       0 |   0.0
        D:2 |      66 |     239 |  78.4 |      21 |       1 |   4.5
        D:3 |       0 |      23 | 100.0 |       0 |      12 | 100.0
        D:4 |     153 |       1 |   0.6 |       9 |       1 |  10.0
            +---------+---------+-------+---------+---------+-------
